 Seeded DCSS version 0.30.1-4-g462c640d31 (webtiles) character file.

Game seed: 6351066067085065685 (custom seed)

10012 Esekla the Thaumaturge (level 11, -1/60 HPs)
             Began as a Deep Elf Wanderer on Sept 19, 2023.
             Was a High Priest of Vehumet.
             Killed from afar by a gargoyle (21 damage)
             ... with a stone arrow
             ... on level 10 of the Dungeon.
             The game lasted 02:02:46 (10373 turns).

Esekla the Thaumaturge (Deep Elf Wanderer)         Turns: 10373, Time: 02:02:47

Health: -1/60      AC:  7    Str: 11    XL:     11   Next: 30%
Magic:  34/40      EV: 13    Int: 23    God:    Vehumet [*****.]
Gold:   674        SH:  0    Dex: 11    Spells: 16/39 levels left

rFire   . . .        c - +5 scimitar
rCold   . . .        d - +0 buckler
rNeg    . . .        P - +1 robe {Will+}
rPois   .            N - +1 helmet
rElec   .            E - +0 cloak
rCorr   .            j - +0 pair of gloves
SInv    .            (no boots)
Will    ++...        z - amulet of magic regeneration
Stlth   +            M - ring of magical power
HPRegen 0.30/turn    (no ring)
MPRegen 0.67/turn

%: no passive effects
@: confused, ambrosia-drunk, studying Fighting
A: no striking features
a: Renounce Religion


You were on level 10 of the Dungeon.
You worshipped Vehumet.
Vehumet was extremely pleased with you.
You visited 1 branch of the dungeon, and saw 10 of its levels.
You also visited: Bailey.

You collected 674 gold pieces.

Inventory:

Hand Weapons
 a - a +2 vampiric dagger
 c - a +5 scimitar (weapon)
 r - a +4 trident of venom
 s - the +5 rapier of the Hero {heavy, rN+ Dex+3}
   (You found it on level 3 of the Dungeon)

   Dex:       It affects your dexterity (+3).
   rN:        It protects you from negative energy.
 v - a +2 rapier of venom
Missiles
 k - 48 poisoned darts (quivered)
 C - 5 boomerangs
 K - 3 curare-tipped darts
Armour
 d - a +0 buckler (worn)
 j - a +0 pair of gloves (worn)
 E - a +0 cloak (worn)
 N - a +1 helmet (worn)
 P - a +1 robe of willpower (worn)
Magical Staves
 f - a staff of fire
Jewellery
 z - an amulet of magic regeneration (around neck)
 I - an amulet of reflection
 M - a ring of magical power (left hand)
Wands
 o - a wand of roots (13)
 B - a wand of flame (15)
 G - a wand of mindburst (7)
Scrolls
 m - 2 scrolls of amnesia
 n - a scroll of enchant armour
 p - 5 scrolls of blinking {unknown}
 t - a scroll of identify
 w - 2 scrolls of fog
 x - 4 scrolls of enchant weapon {unknown}
 y - a scroll of magic mapping
 A - 3 scrolls of fear
 D - a scroll of silence
 F - 2 scrolls of poison {unknown}
 H - 3 scrolls of teleportation
 J - 3 scrolls of noise {unknown}
 Q - 2 scrolls of acquirement
Potions
 b - 3 potions of lignification
 e - 2 potions of ambrosia
 g - a potion of cancellation {unknown}
 h - a potion of heal wounds
 i - 7 potions of curing
 l - a potion of mutation
 q - 2 potions of brilliance
 u - 4 potions of haste {unknown}
 O - 6 potions of attraction {unknown}


   Skills:
 * Level 3.0 Fighting
 + Level 2.3(2.4) Short Blades
 + Level 0.6(1.5) Long Blades
 + Level 1.1 Throwing
 * Level 6.6 Dodging
 + Level 2.1 Stealth
 - Level 3.0 Shields
 * Level 14.5 Spellcasting
 + Level 2.2 Conjurations
 * Level 7.8 Necromancy
 + Level 4.5 Translocations
 + Level 2.6 Transmutations
 + Level 7.4 Fire Magic
 * Level 3.2 Earth Magic
 + Level 3.4 Poison Magic
 + Level 1.0 Invocations
 + Level 0.5 Evocations


You had 16 spell levels left.
You knew the following spells:

 Your Spells              Type           Power      Damage    Failure   Level
a - Magic Dart            Conj           100%       1d8       1%          1
b - Blink                 Tloc           74%        N/A       1%          2
d - Vampiric Draining     Necr           51%        2d9       1%          3
k - Iskenderun's Mystic   Conj/Tloc      32%        2d8       3%          4
n - Ignite Poison         Fire/Tmut/Pois 37%        N/A       1%          3
o - Scorch                Fire           100%       2d9       1%          2
p - Apportation           Tloc           74%        N/A       1%          1
t - Teleport Other        Tloc           37%        N/A       2%          3
y - Sticky Flame          Conj/Fire      39%        2d6       1%          4

Your spell library contained the following spells:

 Spells                   Type           Power      Damage    Failure   Level
 Lesser Beckoning         Tloc           74%        N/A       1%          2
 Gell's Gravitas          Tloc           37%        N/A       2%          3
 Spider Form              Tmut/Pois      30%        N/A       4%          3
 Cause Fear               Hex            8%         N/A       45%         4
 Summon Mana Viper        Hex/Summ       16%        N/A       80%         5


Dungeon Overview and Level Annotations

Branches:
Dungeon (10/15)            Temple (0/1) D:6             Orc (0/2) D:10
 Bailey (visited)
   Lair: D:8-11

Altars:
Dithmenos
Fedhas
Hepliaklqana
Nemelex Xobeh
Okawaru
Qazlal
Ru
Trog
Uskayaw
Vehumet
Zin
The Shining One

Shops:
D:2 =   D:4 (

Annotations:
D:4 gnolls & bouda
D:7 Joseph


Message History

The gargoyle is lightly damaged.
The gargoyle's fire resistance burns away.
The gargoyle hurls a stone arrow at you.
The stone arrow misses you.
Casting: Scorch (safe; 1% risk of failure)
Confirm with . or Enter, or press ? or * to list all spells.
Flames lash the gargoyle but do no damage.
The gargoyle disappears!
Casting: Scorch (safe; 1% risk of failure)
Confirm with . or Enter, or press ? or * to list all spells.
Aiming: Teleport Other (dangerous; 2% risk of failure)
Press: ? - help, Shift-Dir - straight line, f/p - gargoyle
Aim: a gargoyle, wielding a +0 mace of protection (lightly damaged, more vulnerable to fire, chance to affect: 57%)
The gargoyle looks slightly unstable.
Your magical contamination has completely faded away.
The gargoyle disappears!
Found a scroll of torment.
A centaur comes into view.
The gargoyle hurls a stone arrow at you.
The stone arrow hits you!
Casting: Teleport Other (dangerous; 2% risk of failure)
Confirm with . or Enter, or press ? or * to list all spells.
Aiming: Teleport Other (dangerous; 2% risk of failure)
Press: ? - help, Shift-Dir - straight line, f/p - gargoyle
Aim: a gargoyle, wielding a +0 mace of protection (chance to affect: 57%)
The gargoyle resists with significant effort.
Casting: Teleport Other (dangerous; 2% risk of failure)
Confirm with . or Enter, or press ? or * to list all spells.
Aiming: Teleport Other (dangerous; 2% risk of failure)
Press: ? - help, Shift-Dir - straight line, f/p - gargoyle
Aim: a gargoyle, wielding a +0 mace of protection (chance to affect: 57%)
The gargoyle looks slightly unstable.
The gargoyle hurls a stone arrow at you.
The stone arrow hits you!
* * * LOW HITPOINT WARNING * * *
You are confused.
You feel invigorated.
The gargoyle hurls a stone arrow at you.
The stone arrow hits you!!
You die...

############## #.............
###################........?....
........##......................
........##..........#####.......
.........'......9...............
........##..........#####.......
........##......@.......#.......
........#######.........#.......
##.###### #.........#....c..
#..# ########....####.....##..
...# .......#....# ... ††.#
.......#....# .. ...#
.......#....# ...#
.......#....######. ...#
.................... ###


You could see a gargoyle (teleporting).

Vanquished Creatures
  2 two-headed ogres
  Pikel (D:6)
  2 orc knights (Bailey)
  2 cyclopes (D:9)
  A kobold demonologist (D:9)
  A troll (D:10)
  8 yaks
  2 steam dragons
  2 wyverns
  Menkaure (D:7)
  An ice beast (D:6)
  A sky beast (D:6)
  9 orc warriors
  A black bear (D:6)
  2 ogres
  A centaur (D:7)
  A phantom (D:7)
  Blork the orc (D:6)
  4 kobold brigands
  3 gnoll sergeants
  2 bullfrogs
  2 scorpions (D:5)
  10 wights
  8 killer bees
  2 howler monkeys (D:10)
  2 quasits
  2 gnoll boudas
  6 hounds
  A jelly (D:6)
  Crazy Yiuf (D:7)
  5 orc priests
  A sleepcap (D:5)
  5 iguanas
  8 orc wizards
  26 gnolls
  9 adders
  3 shadow imps (D:8)
  6 white imps
  4 ufetubi
  A worm (D:4)
  3 dart slugs
  53 orcs
  4 endoplasms
  9 goblins
  7 hobgoblins
  A quokka (D:1)
  6 ball pythons
  4 bats
  4 frilled lizards
  21 kobolds
  A rat (D:2)
263 creatures vanquished.

Notes
Turn   | Place    | Note
-------+----------+-------------------------------------------
     0 | D:1      | Esekla the Deep Elf Wanderer began the quest for the Orb.
     0 | D:1      | Esekla set off with the following items: a +0 club, a
                  | potion of lignification, a +0 robe, a +0 buckler; and the
                  | following spells available to memorise: Apportation, Blink,
                  | Lesser Beckoning, Magic Dart, Ignite Poison, Vampiric
                  | Draining.
     0 | D:1      | Reached XP level 1. HP: 10/10 MP: 7/7
     2 | D:1      | Learned a level 1 spell: Magic Dart
     4 | D:1      | Learned a level 1 spell: Apportation
   396 | D:4      | Found a radiant altar of Vehumet.
   407 | D:4      | Found an iron altar of Okawaru.
   418 | D:4      | Found a glowing silver altar of Zin.
   499 | D:4      | Became a worshipper of Vehumet
   735 | D:3      | Reached skill level 1 in Dodging
   808 | D:3      | Reached XP level 2. HP: 15/15 MP: 6/9
   811 | D:3      | Learned a level 2 spell: Blink
  1014 | D:2      | Noticed a black bear
  1086 | D:2      | Found Renulab's Jewellery Shop.
  1125 | D:2      | Reached skill level 5 in Spellcasting
  1125 | D:2      | Reached skill level 1 in Necromancy
  1340 | D:1      | Reached XP level 3. HP: 19/19 MP: 9/11
  1346 | D:1      | Learned a level 3 spell: Vampiric Draining
  1449 | D:1      | Reached * piety under Vehumet
  1449 | D:1      | Offered knowledge of Shock by Vehumet.
  1458 | D:1      | Learned a level 3 spell: Teleport Other
  2192 | D:3      | Identified the +5 rapier of the Hero {heavy, rN+ Dex+3}
  2246 | D:2      | Reached XP level 4. HP: 24/24 MP: 6/13
  2379 | D:2      | Found a faded altar of an unknown god.
  2787 | D:3      | Found a stormy altar of Qazlal.
  2800 | D:3      | Reached skill level 1 in Short Blades
  2840 | D:3      | Reached skill level 6 in Spellcasting
  2840 | D:3      | Reached XP level 5. HP: 28/28 MP: 11/15
  2844 | D:3      | Found a hazy altar of Hepliaklqana.
  2844 | D:3      | Found a bloodstained altar of Trog.
  2995 | D:4      | Found Ponaysk's Antique Weapon Boutique.
  3165 | D:4      | Found a glowing golden altar of the Shining One.
  3193 | D:4      | Reached skill level 1 in Conjurations
  3203 | D:5      | Entered Level 5 of the Dungeon
  3211 | D:5      | Got the Parchment of the Lumpy Olives
  3223 | D:5      | Found a shadowy altar of Dithmenos.
  3392 | D:5      | Reached XP level 6. HP: 32/32 MP: 17/17
  3475 | D:5      | Reached skill level 7 in Spellcasting
  3477 | D:5      | Offered knowledge of Scorch by Vehumet.
  3481 | D:5      | Learned a level 2 spell: Scorch
  3767 | D:5      | Reached ** piety under Vehumet
  4179 | D:5      | Reached XP level 7. HP: 33/36 MP: 16/20
  4292 | D:4      | Reached skill level 8 in Spellcasting
  4930 | D:4      | Reached skill level 1 in Fire Magic
  5119 | D:7      | Found a runed translucent door.
  5120 | D:7      | Noticed Crazy Yiuf
  5125 | D:7      | Killed Crazy Yiuf
  5126 | D:7      | Reached skill level 9 in Spellcasting
  5163 | D:7      | Noticed a wyvern
  5169 | D:7      | Killed a wyvern
  5170 | D:7      | Reached XP level 8. HP: 8/41 MP: 14/23
  5395 | D:7      | Noticed Menkaure
  5402 | D:7      | Killed Menkaure
  5649 | D:7      | Reached skill level 10 in Spellcasting
  5720 | D:6      | Noticed Blork the orc
  5736 | D:6      | Killed Blork the orc
  5737 | D:6      | Reached skill level 5 in Necromancy
  5868 | D:6      | Found a staircase to the Ecumenical Temple.
  5997 | D:6      | Offered knowledge of Volatile Blastmotes by Vehumet.
  6110 | D:6      | Found a blossoming altar of Fedhas.
  6264 | D:6      | Noticed Pikel
  6271 | D:6      | Killed Pikel
  6272 | D:6      | Reached skill level 11 in Spellcasting
  6272 | D:6      | Reached XP level 9. HP: 37/45 MP: 15/26
  6630 | D:7      | Learned a level 3 spell: Ignite Poison
  6749 | D:7      | Noticed Joseph
  6782 | D:7      | Reached skill level 1 in Transmutations
  6821 | D:7      | Reached skill level 5 in Fire Magic
  6913 | D:8      | Reached *** piety under Vehumet
  7055 | D:8      | Reached skill level 12 in Spellcasting
  7142 | D:8      | Noticed a two-headed ogre
  7182 | D:8      | Offered knowledge of Iskenderun's Mystic Blast by Vehumet.
  7188 | D:8      | Reached skill level 5 in Dodging
  7195 | D:8      | Learned a level 4 spell: Iskenderun's Mystic Blast
  7454 | D:8      | Reached skill level 1 in Poison Magic
  7587 | D:8      | Found a transporter.
  7587 | D:8      | Found a transporter.
  7590 | D:8      | Found a transporter.
  7591 | D:8      | Found a transporter.
  7629 | D:8      | Found a hide-covered altar of Uskayaw.
  8046 | D:8      | Killed a two-headed ogre
  8047 | D:8      | Reached skill level 1 in Earth Magic
  8047 | D:8      | Reached XP level 10. HP: 50/50 MP: 28/28
  8253 | D:9      | Found a flagged portal.
  8255 | D:9      | Reached **** piety under Vehumet
  8302 | Bailey   | Entered a bailey
  8550 | Bailey   | Identified the +2 bardiche of Puhoisos {heavy, rElec
                  | Stlth+}
  8646 | Bailey   | Offered knowledge of Inner Flame by Vehumet.
  8729 | Bailey   | Noticed an orc knight
  8729 | Bailey   | Noticed an orc knight
  8747 | Bailey   | Killed an orc knight
  8762 | Bailey   | Killed an orc knight
  8763 | Bailey   | Reached skill level 13 in Spellcasting
  8887 | D:9      | Noticed a two-headed ogre
  8892 | D:9      | Killed a two-headed ogre
  8893 | D:9      | Reached skill level 1 in Fighting
  8893 | D:9      | Reached skill level 1 in Throwing
  9216 | D:9      | Found a sparkling altar of Nemelex Xobeh.
  9319 | D:9      | Noticed a cyclops
  9336 | D:9      | Killed a cyclops
  9385 | D:9      | Noticed a cyclops
  9416 | D:9      | Killed a cyclops
  9417 | D:9      | Reached skill level 14 in Spellcasting
  9417 | D:9      | Reached XP level 11. HP: 57/57 MP: 31/31
  9570 | D:9      | Reached ***** piety under Vehumet
  9599 | D:10     | Entered Level 10 of the Dungeon
  9643 | D:10     | Found a staircase to the Orcish Mines.
  9703 | D:9      | Offered knowledge of Sticky Flame by Vehumet.
  9709 | D:9      | Learned a level 4 spell: Sticky Flame
 10305 | D:10     | Found a sacrificial altar of Ru.
 10373 | D:10     | Killed from afar by a gargoyle

Illustrated notes

Levels and vault maps discovered:
D:1:      sevenhm_arrival_forest_fort_small_3, layout_rooms,
          chequers_serial_rivers_room_b, minmay_misc_feat_five
D:2:      layout_loops_ring, dreamdust_ecumenical_altar_angels_and_demons,
          serial_shops, shop
D:3:      layout_basic, grunt_temple_overflow_open, minmay_misc_feat_iff
D:4:      layout_basic, nicolae_overflow_quartered_altars, serial_shops,
          nicolae_diamond_shop
D:5:      layout_loops_ring, lemuel_doored_altar, minmay_misc_feat_rows,
          dreamdust_wishing_well
D:6:      layout_loops_cross, fedhas_altar_fruit_tree,
          minmay_temple_entry_glass, uniq_pikel, uniq_blork_the_orc
D:7:      layout_basic, uniq_menkaure, uniq_joseph, uniq_crazy_yiuf_cottage
D:8:      layout_basic, nicolae_uskayaw_dance_hall, serial_demonic,
          serial_demonic_d, serial_demonic_a, serial_demonic_c,
          serial_demonic_c, nicolae_diode_quadrants
D:9:      layout_irregular_city, kennysheep_little_box, enter_bailey_4,
          minmay_between, uniq_harold
D:10:     layout_basic, nicolae_ru_awakened_eye

Skill      XL: |  1  2  3  4  5  6  7  8  9 10 11 |
---------------+----------------------------------+-----
Dodging        | 1 2 3 4 5 6 |  6.6
Spellcasting   | 5 6 7 9 11 12 14 | 14.5
Necromancy     | 1 2 3 4 5 6 7 |  7.8
Short Blades   | 1 2 |  2.3
Conjurations   | 1 2 |  2.2
Translocations | 3 4 |  4.5
Fire Magic     | 2 4 6 7 |  7.4
Stealth        | 2 |  2.1
Transmutations | 2 |  2.6
Shields        | 2 3 |  3.0
Poison Magic   | 1 3 |  3.4
Earth Magic    | 1 2 3 |  3.2
Fighting       | 2 3 |  3.0
Throwing       | 1 |  1.1
Long Blades    | |  0.6
Invocations    | |  1.0
Evocations     | |  0.5

Action                     |  1- 3 |  4- 6 |  7- 9 | 10-12 || total
---------------------------+-------+-------+-------+-------++-------
  Melee: Short sword       |    60 |       |       |       ||    60
         Rapier            |       |    48 |    24 |     3 ||    75
         Dagger            |       |       |    20 |    11 ||    31
         Scimitar          |       |       |     4 |    43 ||    47
  Throw: Dart              |       |    18 |    16 |    23 ||    57
   Cast: Magic Dart        |    85 |    18 |    68 |    13 ||   184
         Apportation       |    23 |    26 |    24 |    33 ||   106
         Vampiric Draining |       |    15 |    39 |    56 ||   110
         Blink             |       |     3 |     1 |     2 ||     6
         Scorch            |       |       |   143 |    56 ||   199
         Teleport Other    |       |       |     3 |     7 ||    10
         Iskenderun's Myst |       |       |     2 |    27 ||    29
         Ignite Poison     |       |       |     2 |     2 ||     4
         Sticky Flame      |       |       |       |     8 ||     8
  Evoke: Wand              |       |       |     3 |     7 ||    10
    Use: Scroll            |     1 |       |       |    12 ||    13
         Potion            |       |       |       |     3 ||     3
   Stab: Sleeping          |     1 |     4 |     1 |     3 ||     9
         Distracted        |       |       |       |     1 ||     1
 Armour: Robe              |    33 |     9 |    24 |    30 ||    96
  Dodge: Dodged            |    59 |    36 |    87 |    92 ||   274
  Block: Buckler           |    24 |    15 |    30 |    29 ||    98
